 Dungeon Crawl Stone Soup version 0.19-a0-1058-g5566a1a (webtiles) character file.

191 Jmtri7 the Changer (level 5, 0/33 HPs)
             Began as an Octopode Transmuter on Aug 2, 2016.
             Slain by an orc (5 damage)
             ... on level 3 of the Dungeon.
             The game lasted 00:08:41 (2423 turns).

Jmtri7 the Changer (Octopode Transmuter)            Turns: 2423, Time: 00:08:41

Health: 0/33       AC:  1    Str: 14    XL:     5   Next: 70%
Magic:  8/8        EV:  8    Int: 15    God:
Gold:   99         SH:  0    Dex: 13    Spells: 2 memorised, 3 levels left

rFire  . . .     SeeInvis .       - Unarmed
rCold  . . .     Gourm    .     (no shield)
rNeg   + . .     Faith    .     (helmet restricted)
rPois  .         Spirit   .     (no amulet)
rElec  .         Dismiss  .     o - ring of positive energy
rCorr  .         Reflect  .     p - +4 ring of strength
SustAt .         Harm     .     (no ring)
MR     .....                    (no ring)
Stlth  ++........               (no ring)
                                (no ring)
                                (no ring)
                                (no ring)

@: not resistant to hostile enchantments, unstealthy
A: almost no armour, amphibious, 8 rings, constrict 8, camouflage 1, gelatinous
body 1
a: no special abilities


You were on level 3 of the Dungeon.
You were not hungry.

You visited 1 branch of the dungeon, and saw 3 of its levels.

You collected 99 gold pieces.

Inventory:

Missiles
 a - 40 arrows
Jewellery
 o - a ring of positive energy (left tentacle)
 p - a +4 ring of strength (right tentacle)
Scrolls
 d - 2 scrolls of remove curse {unknown}
 j - 2 scrolls of enchant weapon {unknown}
 l - a scroll of identify {unknown}
 m - a scroll of noise {unknown}
Potions
 e - a potion of lignification {unknown}
 f - a potion of curing {unknown}
 i - a potion of ambrosia {unknown}
 n - 2 potions of haste {unknown}
Books
 b - a book of Changes

   Spells                             Type                      Level
   a - Beastly Appendage              Transmutation                1
   b - Sticks to Snakes               Transmutation                2
   c - Spider Form                    Transmutation/Poison         3
   d - Ice Form                       Ice/Transmutation            4
   e - Blade Hands                    Transmutation                5
Comestibles
 c - a bread ration
 g - 2 slices of pizza
 h - a meat ration
 k - 5 chunks of flesh


   Skills:
 - Level 1.0 Fighting
 - Level 2.0 Dodging
 - Level 3.0 Unarmed Combat
 - Level 2.0 Spellcasting
 + Level 5.7 Transmutations


You had 3 spell levels left.
You knew the following spells:

 Your Spells              Type           Power        Failure   Level  Hunger
a - Beastly Appendage     Tmut           ###...       1%          1    #......
b - Ice Form              Ice/Tmut       ##......     78%         4    #####..


Dungeon Overview and Level Annotations

Branches:
Dungeon (3/15)

Altars:
Uskayaw


Innate Abilities, Weirdness & Mutations

You cannot wear most types of armour.
You are amphibious.
You can wear up to eight rings at the same time.
You can use your tentacles to constrict eight enemies at once.
Your skin changes colour to match your surroundings (Stealth+).
Your rubbery body absorbs attacks. (AC +1, EV +1)


Message History

You pierce the orc.
The orc is heavily wounded.
You constrict the orc. The orc hits you but does no damage.
The orc closely misses you.
You tentacle-slap the orc but do no damage.
Your squeeze misses the orc.
The orc is almost dead.
You constrict the orc.
You kill the orc!
The orc hits you.
* * * LOW HITPOINT WARNING * * *
The kobold unwields an uncursed club.
The kobold wields a blowgun.
The kobold shoots a poisoned needle.
The poisoned needle misses you.
You see here a stone.
Your tentacle spike disappears.
Found an escape hatch in the ceiling.
The kobold shoots a poisoned needle.
The poisoned needle closely misses you.
There is a stone staircase leading down here.
The orc hits you.
You die...

#..######...####......$..#
............(...(()......#
#.#####.......######.###.#
#..........?..# ..#
#######.......##.# .#..
#...รท...#..K....)# ..###
#.#####.....####.# .# #.#
##.#o#####.(. .# #.#
#.#@........<.# #.#
#.######### # #.# #.# #.#
.# #.# #.# .######.#
........# ######..#


You could see an orc and a kobold.

Vanquished Creatures
  Jessica (D:2)
  A worker ant (D:2)
  Robin (D:2)
  6 adders
  A worm (D:2)
  5 dart slugs
  2 orcs (D:3)
  9 bats
  3 giant cockroaches
  16 goblins
  5 hobgoblins
  3 ball pythons
  2 giant newts
  4 kobolds
  8 rats
67 creatures vanquished.

Vanquished Creatures (others)
  2 goblins (D:2)
2 creatures vanquished.

Grand Total: 69 creatures vanquished

Notes
Turn   | Place    | Note
-------+----------+-------------------------------------------
     0 | D:1      | Jmtri7 the Octopode Transmuter began the quest for the Orb.
     0 | D:1      | Reached XP level 1. HP: 13/13 MP: 3/3
    65 | D:1      | Reached XP level 2. HP: 7/18 MP: 3/5
   222 | D:1      | Reached skill level 3 in Transmutations
   611 | D:2      | Reached XP level 3. HP: 13/23 MP: 4/6
   910 | D:2      | Noticed Jessica
   912 | D:2      | Killed Jessica
   912 | D:2      | Reached skill level 4 in Transmutations
   912 | D:2      | Reached XP level 4. HP: 28/28 MP: 5/7
   926 | D:2      | Found a faded altar of an unknown god.
  1226 | D:2      | Learned a level 4 spell: Ice Form
  1306 | D:2      | Noticed Robin
  1347 | D:2      | Killed Robin
  1678 | D:2      | Found a hide-covered altar of Uskayaw.
  1852 | D:2      | Reached skill level 5 in Transmutations
  1878 | D:2      | Reached XP level 5. HP: 33/33 MP: 8/8
  2423 | D:3      | Slain by an orc

Vault maps used:
D:1:      dpeg_arrival_shelter
D:2:      old_standard_altar, ecumenical_altar_2, minmay_misc_feat_rows,
          uniq_robin, uniq_jessica

Skill      XL: |  1  2  3  4 |
---------------+-------------+-----
Transmutations | 3 4 5 |  5.7
Fighting       | |  1.0
Dodging        | |  2.0
Unarmed Combat | |  3.0
Spellcasting   | |  2.0

Action                   |  1- 3 |  4- 6 || total
-------------------------+-------+-------++-------
Melee: Unarmed           |    42 |   104 ||   146
       Constrict         |    12 |    29 ||    41
       Kick              |    14 |    20 ||    34
       Tentacles         |     8 |    20 ||    28
       Punch             |     1 |     2 ||     3
 Cast: Beastly Appendage |    11 |    17 ||    28
 Stab: Sleeping          |     4 |     3 ||     7
       Distracted        |       |     2 ||     2
  Eat: Chunk             |       |     5 ||     5
Armor: Skin              |     1 |     7 ||     8
Dodge: Dodged            |    26 |    63 ||    89
